PBL
AMARILLO THUNDERHEADS @ MIAMI BEACH MARLINS
08/21/2048
 
TOP OF THE 1ST
Amarillo ThunderHeads batting - Pitching for Miami Beach Marlins : RHP Eric Simons
Pitching: RHP Eric Simons
Batting: LHB Carlos Guajardo 0-0: Ball
1-0: Foul Ball, location: 2F
1-1: Ball
2-1: Swinging Strike
2-2: Ball
3-2: Foul Ball, location: 2F
3-2: Fly out, F9 (Flyball, 89M, EV 91.9 MPH)
Batting: RHB Ryan Salas 0-0: Ball
1-0: Fly out, F9 (Line Drive, 89M, EV 90.6 MPH)
Batting: LHB Danny Moreno 0-0: Ball
1-0: SINGLE (Groundball, 4MD, EV 103.1 MPH)
Batting: RHB Robert Topete 0-0: Ball
1-0: Ball
2-0: Ball
3-0: Base on Balls
Danny Moreno to second
Batting: LHB Alex Rivera 0-0: Ball
1-0: Called Strike
1-1: Foul Ball, location: 2F
1-2: Ball
2-2: Foul Ball, location: 2F
2-2: Fielders Choice at 2nd, 6-4 (Groundball, 6D, EV 79.4 MPH)
Top of the 1st over - 0 runs, 1 hit, 0 errors, 2 left on base; Amarillo 0 - Miami Beach 0
BOTTOM OF THE 1ST
Miami Beach Marlins batting - Pitching for Amarillo ThunderHeads : RHP Bryan Hicken
Pitching: RHP Bryan Hicken
Batting: RHB Jim Smallwood 0-0: Called Strike
0-1: Called Strike
0-2: Strikes out swinging
Batting: RHB Corbin Chauvin 0-0: Ground out 5-3 (Groundball, 5L, EV 110.0 MPH)
Batting: RHB Torquato Uso 0-0: Ball
1-0: Called Strike
1-1: Swinging Strike
1-2: Strikes out swinging
Bottom of the 1st over - 0 runs, 0 hits, 0 errors, 0 left on base; Amarillo 0 - Miami Beach 0
TOP OF THE 2ND
Amarillo ThunderHeads batting - Pitching for Miami Beach Marlins : RHP Eric Simons
Batting: RHB Pat Martin 0-0: Called Strike
0-1: Foul Ball, location: 2F
0-2: Strikes out swinging
Batting: SHB Tyler Romo 0-0: Ground out 6-3 (Groundball, 6, EV 85.6 MPH)
Batting: RHB Jorge Balderama 0-0: Ball
1-0: Foul Ball, location: 2F
1-1: Ball
2-1: Ball
3-1: Base on Balls
Batting: RHB Eddie Vanderjagt 0-0: Called Strike
0-1: Ball
1-1: Ball
2-1: Foul Ball, location: 2F
2-2: Strikes out swinging
Top of the 2nd over - 0 runs, 0 hits, 0 errors, 1 left on base; Amarillo 0 - Miami Beach 0
BOTTOM OF THE 2ND
Miami Beach Marlins batting - Pitching for Amarillo ThunderHeads : RHP Bryan Hicken
Batting: SHB Emmet Brickowski 0-0: Ball
1-0: Foul Ball, location: 2F
1-1: Called Strike
1-2: Ground out 4-3 (Groundball, 4, EV 100.6 MPH)
Batting: LHB Henry Huezo 0-0: Foul Ball, location: 2F
0-1: Foul Ball, location: 2F
0-2: Ground out U3 (Groundball, 3, EV 91.9 MPH)
Batting: RHB Josh Jones 0-0: Fly out, F9 (Flyball, 9, EV 85.0 MPH)
Bottom of the 2nd over - 0 runs, 0 hits, 0 errors, 0 left on base; Amarillo 0 - Miami Beach 0
TOP OF THE 3RD
Amarillo ThunderHeads batting - Pitching for Miami Beach Marlins : RHP Eric Simons
Batting: LHB Carlos Guajardo 0-0: Swinging Strike
0-1: Swinging Strike
0-2: Strikes out swinging
Batting: RHB Ryan Salas 0-0: Ball
1-0: Called Strike
1-1: Ball
2-1: SOLO HOME RUN (Flyball, 9LD, EV 95.0 MPH), Distance : 353 ft
Batting: LHB Danny Moreno 0-0: Foul Ball, location: 2F
0-1: Ball
1-1: Ball
2-1: Foul Ball, location: 2F
2-2: Foul Ball, location: 2F
2-2: Foul Ball, location: 2F
2-2: Foul Ball, location: 2F
2-2: Foul Ball, location: 2F
2-2: Ball
3-2: Foul Ball, location: 2F
3-2: SOLO HOME RUN (Flyball, 9D, EV 99.4 MPH), Distance : 394 ft
Batting: RHB Robert Topete 0-0: Called Strike
0-1: Called Strike
0-2: Ball
1-2: SINGLE (Groundball, 25, EV 68.1 MPH) (infield hit)
Batting: LHB Alex Rivera 0-0: Called Strike
0-1: Ball
1-1: Called Strike
Robert Topete steals 2nd base
1-2: Ball
2-2: Strikes out swinging
Batting: RHB Pat Martin 0-0: Swinging Strike
0-1: Swinging Strike
0-2: Foul Ball, location: 2F
0-2: Ball
1-2: Strikes out looking
Top of the 3rd over - 2 runs, 3 hits, 0 errors, 1 left on base; Amarillo 2 - Miami Beach 0
BOTTOM OF THE 3RD
Miami Beach Marlins batting - Pitching for Amarillo ThunderHeads : RHP Bryan Hicken
Batting: RHB Chris Harlow 0-0: Ball
1-0: Ball
2-0: Called Strike
2-1: Fly out, F2 (Popup, 3SF, EV 71.2 MPH)
Batting: RHB Orlando Melendres 0-0: Called Strike
0-1: Swinging Strike
0-2: Ball
1-2: Ball
2-2: Foul Ball, location: 2F
2-2: Foul Ball, location: 2F
2-2: SINGLE (Groundball, 6MD, EV 96.9 MPH)
Batting: RHB Hektor Luvian 0-0: Fly out, F3 (Popup, 4S, EV 77.5 MPH)
Batting: RHB Jim Smallwood 0-0: Called Strike
0-1: Ground out 1-3 (Groundball, 13S, EV 74.4 MPH)
Bottom of the 3rd over - 0 runs, 1 hit, 0 errors, 1 left on base; Amarillo 2 - Miami Beach 0
TOP OF THE 4TH
Amarillo ThunderHeads batting - Pitching for Miami Beach Marlins : RHP Eric Simons
Batting: SHB Tyler Romo 0-0: Ball
1-0: DOUBLE (Line Drive, 78XD, EV 92.5 MPH)
Batting: RHB Jorge Balderama 0-0: Called Strike
0-1: Fly out, F9 (Flyball, 9, EV 80.6 MPH)
Batting: RHB Eddie Vanderjagt 0-0: Ball
1-0: Called Strike
1-1: Ground out 5-3 (Groundball, 56, EV 83.8 MPH)
Batting: LHB Carlos Guajardo 0-0: Foul Ball, location: 2F
0-1: Ball
1-1: Ball
2-1: Foul Ball, location: 2F
2-2: Foul Ball, location: 2F
2-2: Strikes out swinging
Top of the 4th over - 0 runs, 1 hit, 0 errors, 1 left on base; Amarillo 2 - Miami Beach 0
BOTTOM OF THE 4TH
Miami Beach Marlins batting - Pitching for Amarillo ThunderHeads : RHP Bryan Hicken
Batting: RHB Corbin Chauvin 0-0: Called Strike
0-1: Ball
1-1: Ball
2-1: Called Strike
2-2: Strikes out looking
Batting: RHB Torquato Uso 0-0: Called Strike
0-1: Fly out, F9 (Flyball, 9S, EV 90.0 MPH)
Batting: SHB Emmet Brickowski 0-0: Ball
1-0: Ball
2-0: Called Strike
2-1: Ground out 4-3 (Groundball, 4S, EV 83.1 MPH)
Bottom of the 4th over - 0 runs, 0 hits, 0 errors, 0 left on base; Amarillo 2 - Miami Beach 0
TOP OF THE 5TH
Amarillo ThunderHeads batting - Pitching for Miami Beach Marlins : RHP Eric Simons
Batting: RHB Ryan Salas 0-0: SINGLE (Line Drive, 56D, EV 106.2 MPH)
Batting: LHB Danny Moreno 0-0: Ball
1-0: Grounds out, U3 (Groundball, 3L, EV 95.6 MPH)
Batting: RHB Robert Topete 0-0: Ball
1-0: Ground out 6-3 (Groundball, 6, EV 80.6 MPH)
Batting: LHB Alex Rivera 0-0: Ball
1-0: Ball
2-0: Foul Ball, location: 2F
2-1: Swinging Strike
2-2: Foul Ball, location: 2F
2-2: Foul Ball, location: 2F
2-2: Ground out U3 (Groundball, 34D, EV 106.9 MPH)
Top of the 5th over - 0 runs, 1 hit, 0 errors, 1 left on base; Amarillo 2 - Miami Beach 0
BOTTOM OF THE 5TH
Miami Beach Marlins batting - Pitching for Amarillo ThunderHeads : RHP Bryan Hicken
Batting: LHB Henry Huezo 0-0: Ball
1-0: Called Strike
1-1: Foul Ball, location: 2F
1-2: Ball
2-2: Strikes out swinging
Batting: RHB Josh Jones 0-0: Foul Ball, location: 2F
0-1: Ball
1-1: Foul Ball, location: 2F
1-2: Foul Ball, location: 2F
1-2: Ball
2-2: Ball
3-2: Strikes out swinging
Batting: RHB Chris Harlow 0-0: Ball
1-0: Called Strike
1-1: Ball
2-1: Ball
3-1: Swinging Strike
3-2: Reached on error, E5 (Groundball, 56S, EV 86.9 MPH)
Batting: RHB Orlando Melendres 0-0: Ball
1-0: Called Strike
1-1: Foul Ball, location: 2F
1-2: Fly out, F7 (Flyball, 7S, EV 95.0 MPH)
Bottom of the 5th over - 0 runs, 0 hits, 1 error, 1 left on base; Amarillo 2 - Miami Beach 0
TOP OF THE 6TH
Amarillo ThunderHeads batting - Pitching for Miami Beach Marlins : RHP Eric Simons
Batting: RHB Pat Martin 0-0: Called Strike
0-1: Foul Ball, location: 2F
0-2: Strikes out swinging
Batting: SHB Tyler Romo 0-0: Called Strike
0-1: Called Strike
0-2: Ball
1-2: Hit by Pitch
Pitching: RHP Willie Mojica
Batting: RHB Jorge Balderama 0-0: Ball
1-0: Called Strike
1-1: Foul Ball, location: 2F
1-2: Fly out, F8 (Flyball, 8RD, EV 97.5 MPH)
Batting: RHB Eddie Vanderjagt 0-0: Called Strike
0-1: SINGLE (Groundball, 6MS, EV 63.1 MPH) (infield hit)
Tyler Romo to second
Batting: LHB Carlos Guajardo 0-0: Foul Ball, location: 2F
0-1: Called Strike
0-2: Strikes out looking
Top of the 6th over - 0 runs, 1 hit, 0 errors, 2 left on base; Amarillo 2 - Miami Beach 0
BOTTOM OF THE 6TH
Miami Beach Marlins batting - Pitching for Amarillo ThunderHeads : RHP Bryan Hicken
Batting: RHB Hektor Luvian 0-0: Called Strike
0-1: Foul Ball, location: 2F
0-2: Strikes out swinging
Batting: RHB Jim Smallwood 0-0: Called Strike
0-1: Ground out 4-3 (Groundball, 4, EV 88.1 MPH)
Batting: RHB Corbin Chauvin 0-0: Ball
1-0: Fly out, F9 (Flyball, 89D, EV 100.0 MPH)
Bottom of the 6th over - 0 runs, 0 hits, 0 errors, 0 left on base; Amarillo 2 - Miami Beach 0
TOP OF THE 7TH
Amarillo ThunderHeads batting - Pitching for Miami Beach Marlins : RHP Willie Mojica
Batting: RHB Ryan Salas 0-0: Ground out 4-3 (Groundball, 4, EV 88.8 MPH)
Batting: LHB Danny Moreno 0-0: Foul Ball, location: 2F
0-1: Foul Ball, location: 2F
0-2: Foul Ball, location: 2F
0-2: Ball
1-2: Ball
2-2: Ball
3-2: Fly out, F8 (Line Drive, 8RD, EV 91.2 MPH)
Batting: RHB Robert Topete 0-0: Called Strike
0-1: Swinging Strike
0-2: Foul Ball, location: 2F
0-2: SINGLE (Line Drive, 8LS, EV 105.6 MPH)
Batting: LHB Alex Rivera 0-0: Ball
1-0: Ball
2-0: Foul Ball, location: 2F
2-1: Called Strike
2-2: Ball
3-2: Foul Ball, location: 2F
3-2: Base on Balls
Robert Topete to second
Pitching: RHP Freddie Robe
Batting: RHB Pat Martin 0-0: Ball
1-0: Foul Ball, location: 2F
1-1: Ground out 3-1 (Groundball, 34, EV 87.5 MPH)
Top of the 7th over - 0 runs, 1 hit, 0 errors, 2 left on base; Amarillo 2 - Miami Beach 0
BOTTOM OF THE 7TH
Miami Beach Marlins batting - Pitching for Amarillo ThunderHeads : RHP Bryan Hicken
Batting: RHB Torquato Uso 0-0: Ball
1-0: SINGLE (Groundball, 56D, EV 102.5 MPH)
Batting: SHB Emmet Brickowski Balk!
Torquato Uso to second
0-0: Ball
1-0: Foul Ball, location: 2F
1-1: Ball
2-1: Foul Ball, location: 2F
2-2: Strikes out looking
Pinch Hitting: LHB Luis Ortegon 0-0: Ball
1-0: Ball
2-0: Ball
3-0: Base on Balls
Pitching: LHP Pat Mena
Pinch Hitting: RHB Scott Talbot 0-0: Ball
1-0: Called Strike
1-1: Ball
2-1: Foul Ball, location: 2F
2-2: Foul Ball, location: 2F
2-2: Strikes out swinging
Batting: RHB Chris Harlow 0-0: Foul Ball, location: 2F
0-1: Fly out, F8 (Line Drive, 8RD, EV 100.0 MPH)
Bottom of the 7th over - 0 runs, 1 hit, 0 errors, 2 left on base; Amarillo 2 - Miami Beach 0
TOP OF THE 8TH
Amarillo ThunderHeads batting - Pitching for Miami Beach Marlins : RHP Freddie Robe
Now in LF: Christian Gentille
Now in RF: Luis Ortegon
Batting: SHB Tyler Romo 0-0: Ball
1-0: Swinging Strike
1-1: Ball
2-1: Fly out, F7 (Flyball, 7, EV 92.5 MPH)
Pinch Hitting: RHB Eric Juarez 0-0: Ball
1-0: Ball
2-0: Ball
3-0: Called Strike
3-1: Swinging Strike
3-2: Base on Balls
Pinch Hitting: RHB Eulogio Loureiro 0-0: Ball
1-0: SINGLE (Flyball, 5D, EV 90.6 MPH)
Eric Juarez to second
Batting: LHB Carlos Guajardo 0-0: Foul Ball, location: 2F
0-1: Swinging Strike
0-2: Fielders Choice at 2nd, 3-6 (Groundball, 34, EV 80.0 MPH)
Eric Juarez to third
Batting: RHB Ryan Salas 0-0: Called Strike
0-1: Ball
1-1: Ground out 5-3 (Groundball, 56S, EV 69.4 MPH)
Top of the 8th over - 0 runs, 1 hit, 0 errors, 2 left on base; Amarillo 2 - Miami Beach 0
BOTTOM OF THE 8TH
Miami Beach Marlins batting - Pitching for Amarillo ThunderHeads : LHP Pat Mena
Now at 3B: Bill Flannery
Now in LF: Mike Gruszewski
Batting: RHB Orlando Melendres 0-0: Called Strike
0-1: Swinging Strike
0-2: Strikes out swinging
Batting: RHB Hektor Luvian 0-0: Called Strike
0-1: Ground out 5-3 (Groundball, 56, EV 88.1 MPH)
Batting: RHB Jim Smallwood 0-0: Called Strike
0-1: Called Strike
0-2: Strikes out looking
Bottom of the 8th over - 0 runs, 0 hits, 0 errors, 0 left on base; Amarillo 2 - Miami Beach 0
TOP OF THE 9TH
Amarillo ThunderHeads batting - Pitching for Miami Beach Marlins : RHP Freddie Robe
Pitching: LHP Matt Rielly
Batting: LHB Danny Moreno 0-0: Called Strike
0-1: Ball
1-1: Foul Ball, location: 2F
1-2: Ball
2-2: Ball
3-2: Base on Balls
Batting: RHB Robert Topete 0-0: Ball
1-0: Called Strike
1-1: Ball
2-1: Foul Ball, location: 2F
2-2: Foul Ball, location: 2F
2-2: Foul Ball, location: 2F
2-2: Strikes out swinging
Batting: LHB Alex Rivera 0-0: Called Strike
0-1: Ball
1-1: Ball
2-1: Fly out, F7 (Line Drive, 7LM, EV 90.6 MPH)
Batting: RHB Pat Martin 0-0: Ball
1-0: Ball
2-0: Foul Ball, location: 2F
2-1: Called Strike
2-2: Strikes out swinging
Top of the 9th over - 0 runs, 0 hits, 0 errors, 1 left on base; Amarillo 2 - Miami Beach 0
BOTTOM OF THE 9TH
Miami Beach Marlins batting - Pitching for Amarillo ThunderHeads : LHP Pat Mena
Pitching: LHP Ruben Lopez
Batting: RHB Corbin Chauvin 0-0: Called Strike
0-1: Ball
1-1: Ground out 4-3 (Groundball, 4, EV 85.0 MPH)
Batting: RHB Torquato Uso 0-0: Called Strike
0-1: Foul Ball, location: 2F
0-2: Ball
1-2: Foul Ball, location: 2F
1-2: Ball
2-2: DOUBLE (Flyball, 78XD, EV 96.2 MPH)
Batting: SHB Emmet Brickowski 0-0: Ball
1-0: Foul Ball, location: 2F
1-1: Fly out, F8 (Flyball, 8RS, EV 78.1 MPH)
Batting: LHB Luis Ortegon 0-0: Swinging Strike
0-1: Foul Ball, location: 2F
0-2: Foul Ball, location: 2F
0-2: Ball
1-2: Ball
2-2: Fly out, F8 (Line Drive, 78M, EV 86.9 MPH)
Bottom of the 9th over - 0 runs, 1 hit, 0 errors, 1 left on base; Amarillo 2 - Miami Beach 0
Tuesday, March 28th , 2023 - OOTP Baseball 23.10 Build 110